 Dungeon Sprint DCSS version 0.27-a0-686-gaed091b46b (webtiles) character file.

Game seed: 557853698726389902

0 mhtbhm the Skirmisher (level 1, -4/20 HPs)
             Began as a Minotaur Fighter on Mar 20, 2021.
             Was an Initiate of Trog.
             Slain by a gnoll
             ... wielding a +0 spear
              (8 damage)
             ... in the Dungeon (Sprint VII: "The Pits").
             The game lasted 00:00:11 (66 turns).

mhtbhm the Skirmisher (Minotaur Fighter)              Turns: 66, Time: 00:00:12

Health: -4/20      AC:  7    Str: 20    XL:     1   Next: 8%
Magic:  0/0        EV:  7    Int:  5    God:    Trog [......]
Gold:   0          SH:  9    Dex:  9    Spells: 0/0 levels left

rFire    . . .     SeeInvis .   a - +2 hand axe
rCold    . . .     Faith    .   c - +0 kite shield
rNeg     . . .     Spirit   .   b - +0 scale mail
rPois    .         Reflect  .   (helmet restricted)
rElec    .         Harm     .   (no cloak)
rCorr    .         Rampage  .   (no gloves)
Will     .....     NoTele   +   (no boots)
Stlth    ..........             (no amulet)
HPRegen  0.06/turn              (no ring)
MPRegen  0.07/turn              (no ring)

@: no status effects
A: horns 2, retaliatory headbutt
a: Renounce Religion


You were in the Dungeon.
You worshipped Trog.
Trog was noncommittal.
You visited 1 branch

Inventory:

Hand Weapons
 a - a +2 hand axe (weapon)
Armour
 b - a +0 scale mail (worn)
 c - a +0 kite shield (worn)
Scrolls
 j - a scroll of blinking
 l - a scroll of summoning
Potions
 d - a potion of might
 e - a potion of curing
 f - a potion of heal wounds
 g - a potion of haste
 h - 4 potions of magic
 i - 3 potions of berserk rage
 k - 2 potions of invisibility


   Skills:
 + Level 3.8 Fighting
 + Level 2.4 Axes
 + Level 3.8 Armour
 + Level 3.8 Shields


You couldn't memorise any spells.
You didn't know any spells.
Your spell library was empty.

Dungeon Overview and Level Annotations

Branches:
Dungeon (1/1)

Altars:
Cheibriados
Dithmenos
Elyvilon
Fedhas
Gozag
Hepliaklqana
Makhleb
Nemelex Xobeh
Okawaru
Qazlal
Ru
Sif Muna
Trog
Vehumet
Wu Jian
Xom
Yredelemnul
Zin
The Shining One
Beogh
Jiyva
Lugonu


Innate Abilities, Weirdness & Mutations

You have a pair of horns on your head.
You reflexively headbutt those who attack you in melee.


Message History

2 scrolls of vulnerability; 5 scrolls of amnesia
Things that are here:
2 scrolls of vulnerability; 5 scrolls of amnesia You see here 10 stones.
There is an open door here.
Drop what? 12/52 slots (_ for help) (? for menu, Esc to quit)
You are now empty-handed.
You drop a +0 war axe.
Things that are here:
a +2 mace; a +2 hand axe
a - a +2 hand axe
a - a +2 hand axe (weapon)
Things that are here:
a +2 falchion; a +2 dagger
Things that are here:
a +2 quarterstaff; a +2 trident
There is an open door here.
You open the door.
A river rat and a gnoll come into view.
You closely miss the river rat. You block the gnoll's attack.
The river rat bites you. You block the gnoll's attack.
The river rat barely misses you.
You hit the river rat.
The river rat is lightly wounded.
The gnoll hits you from afar with a +0 spear.
You block the river rat's attack.
You hit the river rat.
The river rat is heavily wounded.
The gnoll hits you from afar with a +0 spear!
The river rat bites you but does no damage.
The gnoll hits you from afar with a +0 spear.
* * * LOW HITPOINT WARNING * * *
You hit the river rat but do no damage. You headbutt the river rat.
The river rat is heavily wounded.
You block the river rat's attack. The gnoll hits you but does no damage.
The river rat closely misses you. You furiously retaliate!
You headbutt the river rat, but do no damage.
You barely miss the river rat.
The river rat is heavily wounded.
The gnoll hits you from afar with a +0 spear!
You die...

########## ________.#
________.#
______...###########++
##########'##...........
#.?(.))))'.##......#..#.
##########.##...........
#......@...†'...........
#+#####r#####......#..#.
.g. #........... #...#
####'#####++ #####
#.......# #.......#
#.......# #...<...#
#.......#


You could see a gnoll and a river rat.

Vanquished Creatures
  A frilled lizard (D)
1 creature vanquished.

Notes
Turn   | Place    | Note
-------+----------+-------------------------------------------
     0 | D        | mhtbhm the Minotaur Fighter began the quest for the Orb.
     0 | D        | Reached XP level 1. HP: 19/19 MP: 0/0
    21 | D        | Found a bloodstained altar of Trog.
    21 | D        | Found a shimmering blue altar of Sif Muna.
    21 | D        | Found a viscous altar of Jiyva.
    21 | D        | Found a hazy altar of Hepliaklqana.
    21 | D        | Found an opulent altar of Gozag.
    22 | D        | Found a glowing golden altar of the Shining One.
    22 | D        | Found a glowing silver altar of Zin.
    22 | D        | Found a basalt altar of Yredelemnul.
    22 | D        | Found a shimmering altar of Xom.
    22 | D        | Found an ornate altar of the Wu Jian Council.
    22 | D        | Found a sacrificial altar of Ru.
    22 | D        | Found a stormy altar of Qazlal.
    22 | D        | Found an iron altar of Okawaru.
    22 | D        | Found a sparkling altar of Nemelex Xobeh.
    22 | D        | Found a burning altar of Makhleb.
    22 | D        | Found a blossoming altar of Fedhas.
    22 | D        | Found a white marble altar of Elyvilon.
    22 | D        | Found a shadowy altar of Dithmenos.
    22 | D        | Found a snail-covered altar of Cheibriados.
    24 | D        | Found a radiant altar of Vehumet.
    24 | D        | Found a corrupted altar of Lugonu.
    26 | D        | Became a worshipper of Trog the Wrathful
    66 | D        | Slain by a gnoll

Illustrated notes

Levels and vault maps discovered:
D:        pitsprint [storerooms_1, entrance_room_1, metal_vault_4, armoury_1,
          mini_pit_1, grid_room_1, main_hall_1, silver_pit, the_coven_3,
          the_vestibule_1, steel_vault_2, golden_pit, hallway_of_sentries,
          crystal_vault_2, iron_vault_1, final_vault]

Action                   || total
-------------------------++-------
Melee: Hand axe          ||     5
       War axe           ||     2
       Headbutt          ||     1
Armor: Scale mail        ||     3
Dodge: Dodged            ||     2
Block: Kite shield       ||     5

Table legend: (Time is in decaauts)
 A = Elapsed time spent in this place.
 B = Non-inter-level travel time spent in this place.
 C = Inter-level travel time spent in this place.
 D = Time resting spent in this place.
 E = Time spent auto-exploring this place.
 F = Levels seen in this place.
 G = Mean time per level.
                   A        B        C        D        E       F      G
               +--------+--------+--------+--------+--------+-----+--------+
         Total |     68 |     68 |      0 |      0 |      0 |   1 |   68.0 |
       Dungeon |     68 |     68 |      0 |      0 |      0 |   1 |   68.0 |
               +--------+--------+--------+--------+--------+-----+--------+

Top non-repeatable levels by time:
       D: 68 daAuts
